 Dungeon Crawl Stone Soup version 0.21-a0-404-g291f19a (webtiles) character file.

37 jhonbiscuit the Sneak (level 3, -5/18 HPs)
             Began as a Spriggan Assassin on Oct 27, 2017.
             Slain by a river rat (9 damage)
             ... in a sewer.
             The game lasted 00:07:50 (1903 turns).

jhonbiscuit the Sneak (Spriggan Assassin)           Turns: 1903, Time: 00:07:51

Health: -5/18      AC:  3    Str:  7    XL:     3   Next: 23%
Magic:  4/4        EV: 17    Int: 12    God:
Gold:   56         SH:  0    Dex: 18    Spells: 2/2 levels left

rFire    . . .     SeeInvis +   a - +2 dagger
rCold    . . .     Gourm    .   (shield restricted)
rNeg     . . .     Faith    .   c - +0 robe
rPois    .         Spirit   .   (helmet restricted)
rElec    .         Reflect  .   d - +0 cloak
rCorr    .         Harm     .   (gloves unavailable)
MR       .....                  (boots unavailable)
Stlth    ++++......             (no amulet)
HPRegen  0.06/turn              (no ring)
MPRegen  0.09/turn              (no ring)

@: very quick
A: unfitting armour, see invisible, herbivore 3, speed 3, slow metabolism 2
a: no special abilities


You were in a sewer.
You were not hungry.

You visited 1 branch of the dungeon, and saw 3 of its levels.
You also visited: Sewer.

You collected 56 gold pieces.

Inventory:

Hand Weapons
 a - a +2 dagger (weapon)
 b - a +0 blowgun
 i - a +0 hunting sling
 j - a +1 mace of venom
Missiles
 e - 28 poisoned needles
 f - 2 curare-tipped needles
 o - 61 arrows
 r - a throwing net (quivered)
Armour
 c - a +0 robe (worn)
 d - a +0 cloak (worn)
Scrolls
 h - a scroll of teleportation {unknown}
 k - a scroll of remove curse {unknown}
 l - a scroll of random uselessness {unknown}
 n - a scroll of blinking {unknown}
 p - a scroll of fog {unknown}
 t - a scroll of enchant armour {unknown}
 u - a scroll of identify {unknown}
Potions
 m - a potion of lignification {unknown}
 q - a potion of curing {unknown}
Comestibles
 g - a bread ration
 s - a chunk of flesh


   Skills:
 - Level 1.5 Fighting
 + Level 3.4 Short Blades
 - Level 2.0 Throwing
 - Level 1.5 Dodging
 + Level 6.6 Stealth


You had 2 spell levels left.
You didn't know any spells.

Dungeon Overview and Level Annotations

Branches:
Dungeon (3/15)

Altars:


Innate Abilities, Weirdness & Mutations

You are very small and have problems with some larger weapons.
You are too small for most types of armour.
You have supernaturally acute eyesight. (SInv)
You are a herbivore.
You cover ground extremely quickly.
You need consume almost no food.


Message History

You barely miss the river rat.
The river rat is moderately wounded.
The river rat closely misses you.
You hit the river rat but do no damage.
The river rat is moderately wounded.
The river rat misses you.
You hit the river rat but do no damage.
The river rat is moderately wounded.
The river rat bites you.
You closely miss the river rat.
The river rat is moderately wounded.
You hit the river rat.
The river rat is heavily wounded.
The river rat bites you.
* * * LOW HITPOINT WARNING * * *
You hit the river rat but do no damage.
The river rat is heavily wounded.
The river rat bites you!
Ouch! That really hurt!
You die...

#∩###......≈≈
####.......≈≈
##......≈≈≈
#.......≈≈≈
##.......≈≈≈
#.......≈≈≈≈
#.......≈≈≈≈
#†r.....≈≈≈≈
##@....≈≈≈≈
##....≈≈≈≈
#....≈≈≈≈
#....≈≈≈≈
.....≈≈≈≈
....≈≈≈
....≈≈≈
....≈≈≈


You could see a river rat.

Vanquished Creatures
  A dart slug (D:1)
  2 leopard geckos (D:1)
  3 bats
  2 giant cockroaches
  3 goblins (D:1)
  6 hobgoblins (D:1)
  4 kobolds
  A frilled lizard (D:1)
  9 rats
31 creatures vanquished.

Notes
Turn   | Place    | Note
-------+----------+-------------------------------------------
     0 | D:1      | jhonbiscuit the Spriggan Assassin began the quest for the Orb.
     0 | D:1      | Reached XP level 1. HP: 10/10 MP: 2/2
   268 | D:1      | Reached skill level 6 in Stealth
   306 | D:1      | Reached XP level 2. HP: 14/14 MP: 3/3
  1691 | D:2      | Reached XP level 3. HP: 18/18 MP: 4/4
  1800 | D:3      | Found a glowing drain.
  1837 | Sewer    | Entered a sewer
  1903 | Sewer    | Slain by a river rat

Vault maps used:
D:1:      dpeg_arrival_erosion
D:2:      first_bread
D:3:      nicolae_overflow_hidden_temple, portal_sewer_entry_a
Sewer:    sewer_minmay_treatment

Skill      XL: |  1  2 |
---------------+-------+-----
Stealth        | 6 |  6.6
Short Blades   | 3 |  3.4
Fighting       | |  1.5
Throwing       | |  2.0
Dodging        | |  1.5

Action                   || total
-------------------------++-------
Melee: Dagger            ||   124
 Stab: Sleeping          ||     7
       Distracted        ||     1
Armor: Robe              ||    14
Dodge: Dodged            ||    67

Table legend:
 A = Spawn XP
 B = Non-spawn XP
 C = Spawn XP percentage of total XP
 D = Spawn monster count
 E = Non-spawn monster count
 F = Spawn count percentage of total count
 G = Total turns spent on level
                    A         B        C        D         E        F      G
               +---------+---------+-------+---------+---------+-------+---------
         Total |       0 |      54 |   0.0 |       0 |      31 |   0.0 |  1903
               +---------+---------+-------+---------+---------+-------+---------
           D:1 |       0 |      41 |   0.0 |       0 |      21 |   0.0 |  1635
           D:2 |       0 |       5 |   0.0 |       0 |       3 |   0.0 |   165
           D:3 |       0 |       6 |   0.0 |       0 |       5 |   0.0 |    37
         Sewer |       0 |       2 |   0.0 |       0 |       2 |   0.0 |    66
               +---------+---------+-------+---------+---------+-------+---------
